 Dungeon Crawl Stone Soup version 0.31-a0-691-g409c26aa35 (webtiles) character file.

Game seed: 17549424110900418405

230 Xavori the Sneak (level 6, -1/43 HPs)
             Began as an Octopode Chaos Knight on Sept 7, 2023.
             Was a Plaything of Xom.
             Slain by a scorpion (4 damage)
             ... on level 4 of the Dungeon.
             The game lasted 00:02:27 (10391 turns).

Xavori the Sneak (Octopode Chaos Knight)           Turns: 10391, Time: 00:02:28

Health: -1/43      AC:  3    Str:  6      XL:     6   Next: 3%
Magic:  2/2        EV: 13    Int: 21 (22) God:    Xom [.....*]
Gold:   254        SH:  0    Dex:  8 (12) Spells: 5/5 levels left

rFire   + + .        i - +8 rapier of Summer {antimagic, +Blink rF++ Str-3 SInv}
rCold   . . .        (no shield)
rNeg    . . .        (helmet restricted)
rPois   .            (no amulet)
rElec   +            (no ring)
rCorr   .            (no ring)
SInv    +            (no ring)
Will    .....        (no ring)
Stlth   +++          (no ring)
HPRegen 0.27/turn    (no ring)
MPRegen 0.08/turn    (no ring)
                     (no ring)

%: clarity
@: lethally poisoned (-1 -> -3)
A: almost no armour, amphibious, 8 rings, camouflage 1, gelatinous body 1,
(nimble swimmer 1), tentacles, antennae 1, iridescent scales 1, clarity, clever
2, high MP 3, electricity resistance, MP-powered wands
a: Renounce Religion, Evoke Blink


You were on level 4 of the Dungeon.
You worshipped Xom.
You were Xom's teddy bear.
You visited 1 branch of the dungeon, and saw 4 of its levels.

You collected 254 gold pieces.

Inventory:

Hand Weapons
 a - a +0 short sword of chaos
 i - the +8 rapier of Summer (weapon) {antimagic, +Blink rF++ Str-3 SInv}
   (You found it on level 4 of the Dungeon)

   Str-3:     It affects your strength (-3).
   rF++:      It greatly protects you from fire.
   SInv:      It lets you see invisible.
   +Blink:    It lets you blink.
Jewellery
 p - a ring of protection from cold
Wands
 f - a wand of iceblast (1)
Scrolls
 b - a scroll of butterflies
 c - a scroll of blinking {unknown}
 d - a scroll of enchant weapon
 e - a scroll of immolation {unknown}
 j - 2 scrolls of noise {unknown}
 k - a scroll of teleportation {unknown}
 m - a scroll of fog {unknown}
Potions
 g - a potion of berserk rage {unknown}
 h - a potion of curing {unknown}
 o - a potion of brilliance {unknown}


   Skills:
 + Level 3.9 Fighting
 + Level 4.1 Short Blades
 + Level 3.3 Dodging
 + Level 4.8 Stealth


You had 5 spell levels left.
You didn't know any spells.
Your spell library contained the following spells:

 Spells                   Type           Power      Damage    Failure   Level
 Freeze                   Ice            0%         1d3       19%         1
 Summon Small Mammal      Summ           0%         N/A       19%         1
 Call Canine Familiar     Summ           0%         N/A       47%         3
 Frozen Ramparts          Ice            0%         1d1       47%         3
 Hailstorm                Conj/Ice       0%         3d3       47%         3
 Summon Guardian Golem    Hex/Summ       0%         N/A       47%         3


Dungeon Overview and Level Annotations

Branches:
Dungeon (4/15)
 Temple: D:4-7

Altars:
Hepliaklqana
Xom

Shops:
D:1 (


Innate Abilities, Weirdness & Mutations

You cannot wear most types of armour.
You are amphibious.
You can wear up to eight rings at the same time.
Your skin changes colour to match your surroundings (Stealth+).
Your rubbery body absorbs attacks. (AC +1, EV +1)
((You are camouflaged when in or above water. (Stealth+)))
You have tentacles for arms and can constrict up to eight enemies at once.
You have a pair of small antennae on your head.
You are partially covered in iridescent scales. (AC +2)
You possess an exceptional clarity of mind.
Your mind is very acute. (Int +8, Str/Dex -2)
You have a greatly increased reservoir of magic. (+30% MP)
You are resistant to electric shocks. (rElec)
You expend magic power (3 MP) to strengthen your wands.


Message History

The hound bites you. The endoplasm freezes you.
You are frozen.
You barely miss the hound.
You pierce the hound.
The hound is almost dead.
You constrict the hound. The scorpion stings you. The hound bites you.
The endoplasm hits you but does no damage.
The scorpion stings you.
You are poisoned.
The scorpion poisons you!
You release your grip on the hound.
You feel very sick. The hound attacks as it pursues you! The hound bites you.
Your body deteriorates!
You feel dopey. The hound bites you.
It was a potion of mutation.
You feel extremely strange.
You feel healthier.
Your tentacle spike disappears.
You feel clever.
Xom thinks this is hilarious!
You feel sick. The hound bites you.
* * * LOW HITPOINT WARNING * * *
The scorpion stings you but does no damage.
You feel sick. The hound bites you.
* * * LOW HITPOINT WARNING * * *
You hit the hound.
You kill the hound!
* * * LOW HITPOINT WARNING * * *
You feel sick.
You have reached level 6!
You puncture the scorpion! You grab the scorpion.
The scorpion is heavily wounded.
You constrict the scorpion.
* * * LOW HITPOINT WARNING * * *
You feel sick. The scorpion closely misses you.
You hit the scorpion.
The scorpion is severely wounded.
You constrict the scorpion, but do no damage.
* * * LOW HITPOINT WARNING * * *
You feel sick. The scorpion stings you.
You die... "This toy is broken."

#....P...P#.
#...PP§P§.P##
...P...§P.#P#
..§...P$.#####
...........
#....#...
#..J##.# ###s#..#
#.@.#
####..#########
#......|.....)#
#......#.###....#
$....###.#.).####
..### #.).### #
##....##
##.##†.###
###..###...#


You could see a scorpion and an endoplasm.

Vanquished Creatures
  A jelly (D:4)
  A hound (D:4)
  5 adders
  3 orcs
  2 bats (D:3)
  3 endoplasms
  3 giant cockroaches
  8 goblins
  4 hobgoblins
  2 jackals (D:1)
  2 quokkas
  6 ball pythons
  2 frilled lizards
  4 kobolds
  7 rats
53 creatures vanquished.

Vanquished Creatures (others)
  The ghost of elongatedgoose the Slasher, an amateur DsGl (D:3)
1 creature vanquished.

Grand Total: 54 creatures vanquished

Notes
Turn   | Place    | Note
-------+----------+-------------------------------------------
     0 | D:1      | Xavori the Octopode Chaos Knight began the quest for the
                  | Orb.
     0 | D:1      | Reached XP level 1. HP: 16/16 MP: 1/1
   135 | D:1      | XOM: 3-stop teleportation journey
   155 | D:1      | Found Huangux's Antique Weapon Boutique.
   307 | D:1      | Reached XP level 2. HP: 21/21 MP: 2/2
   318 | D:1      | XOM: divination: detect creatures
  1125 | D:1      | XOM is BORED!
  2496 | D:1      | XOM: silly message
  3232 | D:1      | XOM: cloud trail
  3358 | D:1      | XOM: scenery: summon butterflies
  4040 | D:1      | XOM: cloud trail
  4220 | D:1      | XOM: god gift: club {god gift}
  4354 | D:1      | XOM: scenery: create altars
  4403 | D:1      | XOM: god gift: emerald potion {god gift}
  4488 | D:1      | XOM is BORED!
  4488 | D:1      | XOM: summons 2 hostile demons
  4534 | D:2      | XOM: god gift: silvery potion {god gift}
  4601 | D:1      | XOM: give mutation
  4601 | D:1      | Gained mutation: You are resistant to electric shocks.
                  | (rElec) [Xom's grace]
  4635 | D:1      | XOM: divination: detect items
  4810 | D:1      | XOM: cloud trail
  4881 | D:1      | XOM: noise
  5149 | D:1      | XOM: silly message
  5650 | D:1      | XOM: god gift: shiny ivory wand {god gift}
  6037 | D:1      | XOM: cloud trail
  6376 | D:1      | XOM: give mutation
  6376 | D:1      | Gained mutation: Your body sometimes deteriorates upon
                  | taking damage. [Xom's mischief]
  6422 | D:1      | XOM: give mutations
  6422 | D:1      | Gained mutation: You have a pair of small antennae on your
                  | head. [Xom's grace]
  6422 | D:1      | Gained mutation: Your mind is acute. (Int +4, Str/Dex -1)
                  | [Xom's grace]
  6422 | D:1      | Gained mutation: You expend magic power (3 MP) to
                  | strengthen your wands. [Xom's grace]
  6422 | D:1      | Gained mutation: You have an increased reservoir of magic.
                  | (+10% MP) [Xom's grace]
  6891 | D:1      | XOM: cloud trail
  7474 | D:1      | XOM: give mutations
  7474 | D:1      | Gained mutation: You have a considerably increased
                  | reservoir of magic. (+20% MP) [Xom's mischief]
  7474 | D:1      | Lost mutation: Your mind is acute. (Int +4, Str/Dex -1)
                  | [Xom's mischief]
  7474 | D:1      | Gained mutation: You possess an exceptional clarity of
                  | mind. [Xom's mischief]
  7474 | D:1      | Gained mutation: You occasionally shout uncontrollably at
                  | your foes. [Xom's mischief]
  8381 | D:1      | XOM is BORED!
  8652 | D:1      | XOM: give mutations
  8652 | D:1      | Gained mutation: You are partially covered in iridescent
                  | scales. (AC +2) [Xom's mischief]
  8652 | D:1      | Gained mutation: Your body often deteriorates upon taking
                  | damage. [Xom's mischief]
  8652 | D:1      | Lost mutation: Your body often deteriorates upon taking
                  | damage. [Xom's mischief]
  8652 | D:1      | Lost mutation: You occasionally shout uncontrollably at
                  | your foes. [Xom's mischief]
  8829 | D:1      | XOM: draining
  9061 | D:2      | Reached skill level 1 in Stealth
  9093 | D:2      | XOM: silly message
  9100 | D:2      | Reached XP level 3. HP: 24/24 MP: 3/3
  9281 | D:2      | XOM: smoke on damage
  9503 | D:3      | Reached XP level 4. HP: 19/31 MP: 4/4
  9596 | D:3      | XOM: god gift: scale mail {god gift}
  9646 | D:3      | XOM: confuse monster(s)
  9691 | D:3      | XOM: 1-stop teleportation journey
  9767 | D:3      | Found a faded altar of an unknown god.
  9838 | D:3      | XOM: god gift: staff of cold
  9903 | D:3      | XOM: give mutations
  9903 | D:3      | Gained mutation: One of your tentacles bears a spike.
                  | [Xom's grace]
  9903 | D:3      | Gained mutation: You have a greatly increased reservoir of
                  | magic. (+30% MP) [Xom's grace]
  9903 | D:3      | Gained mutation: Your mind is acute. (Int +4, Str/Dex -1)
                  | [Xom's grace]
 10132 | D:3      | Found a runed translucent gate.
 10132 | D:3      | Found a runed translucent gate.
 10132 | D:3      | Found a runed translucent gate.
 10132 | D:3      | Noticed elongatedgoose's ghost (amateur DsGl)
 10140 | D:3      | XOM: enchant monster (good)
 10143 | D:3      | XOM: divination: detect creatures
 10145 | D:3      | Killed elongatedgoose's ghost
 10145 | D:3      | XOM: divine lightning
 10146 | D:3      | Reached XP level 5. HP: 34/36 MP: 2/6
 10318 | D:4      | Identified the +8 rapier of Summer {antimagic, +Blink rF++
                  | Str-3 SInv}
 10378 | D:4      | Found a hazy altar of Hepliaklqana.
 10387 | D:4      | Lost mutation: Your body sometimes deteriorates upon taking
                  | damage. [potion of mutation]
 10387 | D:4      | Lost mutation: One of your tentacles bears a spike. [potion
                  | of mutation]
 10387 | D:4      | Gained mutation: Your mind is very acute. (Int +8, Str/Dex
                  | -2) [potion of mutation]
 10390 | D:4      | Reached XP level 6. HP: 5/43 MP: 2/7
 10391 | D:4      | Slain by a scorpion

Illustrated notes

Levels and vault maps discovered:
D:1:      scummos_arrival_checkerplants, layout_basic, serial_shops,
          nicolae_shop_back_alley_shop
D:2:      layout_rooms, minmay_splitting_lines
D:3:      layout_rooms, ebering_ghost_rock_garden,
          shapermc_ecumenical_altar_ellora, minmay_goblin_kobold_house
D:4:      layout_rooms, nicolae_hepliaklqana_hazy_memory,
          nicolae_overflow_hidden_temple, biasface_ghost_orc_armoury,
          grunt_ministairs_9, nicolae_shop_vocational

Skill      XL: |  1  2  3  4  5 |
---------------+----------------+-----
Stealth        | 1 2 4 |  4.8
Short Blades   | 4 |  4.1
Dodging        | 3 |  3.3
Fighting       | |  3.9

Action                     |  1- 3 |  4- 6 || total
---------------------------+-------+-------++-------
  Melee: Short sword       |    63 |    37 ||   100
         Constrict         |    18 |     9 ||    27
         Tentacles         |    15 |     5 ||    20
         Kick              |       |    11 ||    11
         Rapier            |       |    15 ||    15
  Evoke: Wand              |       |     1 ||     1
    Use: Potion            |     2 |     1 ||     3
         Scroll            |       |     2 ||     2
   Stab: Sleeping          |     5 |     8 ||    13
 Armour: Skin              |    27 |    26 ||    53
  Dodge: Dodged            |    28 |    27 ||    55

Table legend: (Time is in decaauts)
 A = Elapsed time spent in this place.
 B = Non-inter-level travel time spent in this place.
 C = Inter-level travel time spent in this place.
 D = Time resting spent in this place.
 E = Time spent auto-exploring this place.
 F = Levels seen in this place.
 G = Mean time per level.
                   A        B        C        D        E       F      G
               +--------+--------+--------+--------+--------+-----+--------+
         Total |  10375 |  10290 |     85 |   8394 |   1558 |   4 | 2593.8 |
       Dungeon |  10375 |  10290 |     85 |   8394 |   1558 |   4 | 2593.8 |
               +--------+--------+--------+--------+--------+-----+--------+

Top non-repeatable levels by time:
     D:1: 8864 daAuts
     D:3: 744 daAuts
     D:2: 601 daAuts
     D:4: 165 daAuts
